 Dungeon Crawl Stone Soup version 0.31-a0-920-g28cbb04a8c (webtiles) character file.

Game seed: 5242797131014869527

415 Dordric the Ruffian (level 6, -1/54 HPs)
             Began as a Troll Shapeshifter on Oct 18, 2023.
             Slain by a centaur (6 damage)
             ... on level 5 of the Dungeon.
             The game lasted 00:03:02 (2921 turns).

Dordric the Ruffian (Troll Shapeshifter)            Turns: 2921, Time: 00:03:02

Health: -1/54      AC:  4    Str: 23    XL:     6   Next: 60%
Magic:  5/5        EV:  9    Int:  6    God:
Gold:   376        SH:  0    Dex: 11    Spells: 5/5 levels left

rFire   . .          .
                       - Unarmed
rCold   + . .        (no shield)
rNeg    . . .        a - +0 animal skin
rPois   .            (helmet currently unavailable)
rElec   .            (cloak currently unavailable)
rCorr   .            (gloves unavailable)
SInv    .            (boots unavailable)
Will    .....        (no amulet)
Stlth   +            v - ring of protection from cold
HPRegen 1.09/turn    (no ring)
MPRegen 0.09/turn

%: no passive effects
@: beast-form
A: beast (slay +3), large, unfitting armour, claws 3, regeneration 1, shaggy fur
1, tough skin 1
a: Begin Untransformation


You were on level 5 of the Dungeon.
You were a hulking beast.
You visited 1 branch of the dungeon, and saw 5 of its levels.

You collected 376 gold pieces.

Inventory:

Missiles
 q - a throwing net
Armour
 a - a +0 animal skin (worn)
 j - a scarf of invisibility
 o - a +1 cloak
Jewellery
 u - a ring of ice
 v - a ring of protection from cold (left claw)
Talismans
 c - a beast talisman (active)
 d - a flux talisman
Wands
 t - a wand of flame (17)
Scrolls
 e - 3 scrolls of teleportation
 h - a scroll of noise
 k - a scroll of fear
 n - a scroll of fog
 r - a scroll of amnesia
Potions
 b - 3 potions of lignification
 g - 4 potions of heal wounds {unknown}
 i - a potion of curing {unknown}
 l - a potion of ambrosia {unknown}
 m - a potion of mutation {unknown}
 p - a potion of degeneration {unknown}
 s - a potion of enlightenment {unknown}


   Skills:
 - Level 0.7 Fighting
 - Level 1.5 Dodging
 + Level 5.7 Unarmed Combat
 + Level 5.3 Shapeshifting


You had 5 spell levels left.
You didn't know any spells.
Your spell library contained the following spells:

 Spells                   Type           Power      Damage    Failure   Level
 Poisonous Vapours        Pois/Air       0%         N/A       58%         2
 Mephitic Cloud           Conj/Pois/Air  0%         N/A       83%         3
 Freezing Cloud           Conj/Ice/Air   0%         6-21      100%        5


Dungeon Overview and Level Annotations

Branches:
Dungeon (5/15)
 Temple: D:4-7

Altars:

Shops:
D:1 [!(:


Innate Abilities, Weirdness & Mutations

You are a hulking beast.
Your limbs bulge with bestial killing power. (Slay +3)
You are too large for most types of armour.
You have claws for hands.
Your natural rate of healing is unusually fast.
You are covered in fur. (AC +1)
You have tough skin. (AC +1)


Message History

You are too injured to fight recklessly!
You are too injured to fight recklessly!
You are too injured to fight recklessly!
You are too injured to fight recklessly!
You are too injured to fight recklessly!
You are too injured to fight recklessly!
You are too injured to fight recklessly!
You are too injured to fight recklessly!
You closely miss the ufetubus.
The centaur shoots an arrow.
The arrow hits you but does no damage. The ufetubus closely misses you. x2
The ufetubus closely misses you. The ufetubus hits you.
The centaur shoots an arrow.
The arrow hits you!
* * * LOW HITPOINT WARNING * * *
The ufetubus misses you. The ufetubus hits you.
* * * LOW HITPOINT WARNING * * *
The ufetubus closely misses you. The ufetubus barely misses you.
The centaur shoots an arrow.
The arrow hits you.
* * * LOW HITPOINT WARNING * * *
The ufetubus closely misses you. The ufetubus hits you.
* * * LOW HITPOINT WARNING * * *
The ice beast attacks as it pursues you!
The ice beast barely misses you.
A centaur opens the door.
A black bear comes into view.
The ufetubus barely misses you. The ufetubus hits you.
* * * LOW HITPOINT WARNING * * *
The centaur shoots an arrow.
The arrow hits you!
* * * LOW HITPOINT WARNING * * *
The ufetubus attacks as it pursues you!
The ufetubus hits you but does no damage.
The ufetubus barely misses you.
You hear an angry growl.
The ufetubus slips past you!
The ufetubus hits you but does no damage.
The ufetubus closely misses you.
The ufetubus hits you but does no damage.
The ufetubus closely misses you.
The ufetubus hits you but does no damage. x2
The centaur unwields a +0 orcbow.
The centaur hits you.
You die...

#....## .
###...##+#######'###
##................
#.......z........
##########..Y..c..........
..........c.##'#######+###
########...## .# #####c###
.# #.....h# h# #.#..5.# #
#.#.#.## #.#.#.##
#.#.#.#.##
#.#.#.#..############
#.#.#.#.......<.....#
#.#.#.#.......####.#..
..#.##.)###.#


You could see a centaur and an ufetubus.

Vanquished Creatures
  2 ice beasts
  A hound (D:4)
  An orc priest (D:4)
  2 orc wizards
  4 adders
  2 worms (D:2)
  A dart slug (D:4)
  13 orcs
  4 endoplasms
  5 giant cockroaches
  7 goblins
  3 hobgoblins
  4 jackals (D:4)
  3 quokkas
  3 bats
  3 frilled lizards (D:1)
  7 kobolds
  8 rats
73 creatures vanquished.

Notes
Turn   | Place    | Note
-------+----------+-------------------------------------------
     0 | D:1      | Dordric the Troll Shapeshifter began the quest for the Orb.
     0 | D:1      | Reached XP level 1. HP: 18/18 MP: 0/0
    49 | D:1      | Found Azxiemm's Weapon Shop.
    89 | D:1      | Found Byqovaw's Book Emporium.
   179 | D:1      | Reached XP level 2. HP: 23/26 MP: 1/1
   343 | D:1      | Found Naitwer's Distillery.
   469 | D:1      | Found Joch's Antique Armour Shoppe.
   875 | D:2      | Reached XP level 3. HP: 32/32 MP: 2/2
  1564 | D:3      | Reached XP level 4. HP: 38/40 MP: 3/3
  2310 | D:4      | Reached XP level 5. HP: 43/46 MP: 4/4
  2405 | D:4      | Noticed an ice beast
  2422 | D:4      | Killed an ice beast
  2423 | D:4      | Reached skill level 5 in Unarmed Combat
  2423 | D:4      | Reached skill level 5 in Shapeshifting
  2423 | D:4      | Reached XP level 6. HP: 5/54 MP: 5/5
  2805 | D:5      | Entered Level 5 of the Dungeon
  2851 | D:5      | Noticed an ice beast
  2872 | D:5      | Killed an ice beast
  2905 | D:5      | Noticed an ice beast
  2918 | D:5      | HP: 2/54 [centaur/arrow (10)]
  2921 | D:5      | Slain by a centaur

Illustrated notes

Levels and vault maps discovered:
D:1:      lemuel_arrival_behind_the_door_small, layout_basic, serial_shops,
          shop, nicolae_shop_just_a_little_nook, shop,
          nicolae_shop_advertising_works [nicolae_subvault_shop_adworks]
D:2:      layout_basic
D:3:      layout_loops_ring
D:4:      layout_rooms
D:5:      kennysheep_six_static_rooms, layout_loops_ring,
          mainiacjoe_overflow_big_doors, portal_sewer_entry_b,
          roderic_lattice_a, dreamdust_mushroom_princess

Skill      XL: |  1  2  3  4  5 |
---------------+----------------+-----
Unarmed Combat | 4 5 |  5.7
Shapeshifting  | 4 5 |  5.3
Fighting       | |  0.7
Dodging        | |  1.5

Action                     |  1- 3 |  4- 6 || total
---------------------------+-------+-------++-------
  Melee: Unarmed           |    68 |   108 ||   176
         Punch             |     1 |     4 ||     5
    Use: Scroll            |       |     5 ||     5
   Stab: Sleeping          |       |     1 ||     1
 Armour: Animal skin       |    35 |    97 ||   132
  Dodge: Dodged            |    24 |    65 ||    89

Table legend: (Time is in decaauts)
 A = Elapsed time spent in this place.
 B = Non-inter-level travel time spent in this place.
 C = Inter-level travel time spent in this place.
 D = Time resting spent in this place.
 E = Time spent auto-exploring this place.
 F = Levels seen in this place.
 G = Mean time per level.
                   A        B        C        D        E       F      G
               +--------+--------+--------+--------+--------+-----+--------+
         Total |   2908 |   2764 |    144 |      7 |   2311 |   5 |  581.6 |
       Dungeon |   2908 |   2764 |    144 |      7 |   2311 |   5 |  581.6 |
               +--------+--------+--------+--------+--------+-----+--------+

Top non-repeatable levels by time:
     D:3: 761 daAuts
     D:1: 746 daAuts
     D:2: 717 daAuts
     D:4: 569 daAuts
     D:5: 113 daAuts
